 Dungeon Crawl Stone Soup version 0.15-a0-1995-g7e6aeab (webtiles) character file.

898 Ololoev the Cudgeler (level 7, 0/52 HPs)
             Began as a Centaur Hunter on July 10, 2014.
             Slain by a killer bee (6 damage)
             ... on Level 5 of the Dungeon on July 11, 2014.
             The game lasted 00:24:13 (5163 turns).

Ololoev the Cudgeler (Centaur Hunter)               Turns: 5163, Time: 00:24:13

HP   0/52        AC 14     Str 15      XL: 7   Next: 79%
MP   5/5         EV  1     Int 10      God:
Gold 165         SH  0     Dex 11      Spells:  0 memorised,  6 levels left

rFire  . . .     SeeInvis .     r - +0 morningstar
rCold  . . .     Clarity  .     q - +1 plate armour
rNeg   . . .     rCorr    .     (no shield)
rPois  .         rRot     .     s - +0 helmet
rElec  .         Spirit   .     (no cloak)
SustAb .         Warding  .     (no gloves)
rMut   .         Stasis   .     (no barding)
Gourm  .                        (no amulet)
MR     .....                    (no ring)
                                j - +4 ring of protection

@: lethally poisoned, very quick, not resistant to hostile enchantments,
extremely unstealthy
A: hooves 3, deformed body, speed 2, tough skin 3
a: no special abilities


You were on level 5 of the Dungeon.
You were not hungry.

You visited 1 branch of the dungeon, and saw 5 of its levels.

You collected 165 gold pieces.

Inventory:

Hand weapons
 b - a +1 shortbow
 r - a +0 morningstar (weapon)
Missiles
 c - 25 arrows
 u - 2 arrows of frost (quivered)
Armour
 q - a +1 plate armour (worn)
 s - a +0 helmet (worn)
Magical devices
 h - a wand of teleportation (3)
 n - a wand of digging (20)
 C - a wand of polymorph (11)
Comestibles
 f - 4 bread rations
 m - 2 meat rations
 t - 2 chunks of worker ant flesh
 z - a rotting chunk of giant cockroach flesh
 D - a royal jelly
Scrolls
 d - a scroll of blinking
 e - 3 scrolls of enchant armour
 k - a scroll of recharging
 l - a scroll of remove curse
Jewellery
 j - a +4 ring of protection (left hand)
 p - an uncursed ring of ice
 y - an uncursed ring of teleportation
Potions
 a - 2 potions of restore abilities
 g - a potion of might
 i - 4 potions of curing
 o - 3 potions of agility
 w - 2 potions of mutation {unknown}
 B - a potion of invisibility {unknown}


   Skills:
 - Level 1.0 Fighting
 + Level 7.8 Maces & Flails
 - Level 6.0 Bows
 - Level 1.3 Dodging
 - Level 0.5 Stealth


You had 6 spell levels left.
You didn't know any spells.

Dungeon Overview and Level Annotations

Branches:
Dungeon (5/15)
 Temple: D:4-7

Altars:
Sif Muna

Annotations:
D:5 Menkaure


Innate Abilities, Weirdness & Mutations

You have hooves in place of feet.
Armour fits poorly on your strangely shaped body.
You cover ground very quickly.
You have extremely tough skin (AC +3).


Message History

You closely miss the killer bee.
The killer bee is severely wounded.
You feel sick. The killer bee stings you. The killer bee stings you.
You are lethally poisoned!
The killer bee poisons you!
You closely miss the killer bee. Your kick misses the killer bee.
The killer bee is severely wounded.
You feel sick. The killer bee stings you.
You are more poisoned.
The killer bee poisons you! The killer bee stings you!
* * * LOW HITPOINT WARNING * * *
You are more poisoned.
The killer bee poisons you!
The killer bee stings you but does no damage.
Drink which item? (? for menu, Esc to quit)
You feel refreshed.
It was a potion of restore abilities.
* * * LOW HITPOINT WARNING * * *
You feel very sick. The killer bee stings you.
You die...

#........#####
#...........5..
#<..$.##
................. #
#########..######.#
#.....##.........#.
#......y.##..y......
#....y##....#
#.....@#.####
#......#..
#...........#
#...........#
####.#......#
#.#......#
#+#......# ..##+##
..#


You could see a killer bee.

Vanquished Creatures
  Grinder (D:3)
  An ice beast (D:5)
  An ogre (D:4)
  Sigmund (D:3)
  2 scorpions (D:4)
  2 iguanas (D:4)
  2 orc wizards (D:4)
  An orange rat (D:4)
  A worker ant (D:4)
  9 adders
  A shadow imp (D:5)
  2 worms (D:2)
  3 oozes
  9 orcs
  A ball python (D:1)
  7 goblins
  7 hobgoblins
  3 jackals
  6 kobolds
  3 quokkas
  7 bats
  4 giant cockroaches
  3 giant geckos
  2 giant newts (D:1)
  11 rats
90 creatures vanquished.

Notes
Turn   | Place    | Note
--------------------------------------------------------------
     0 | D:1      | Ololoev, the Centaur Hunter, began the quest for the Orb.
     0 | D:1      | Reached XP level 1. HP: 16/16 MP: 1/1
   184 | D:1      | Reached XP level 2. HP: 21/23 MP: 2/2
   239 | D:1      | Reached skill level 6 in Bows
   483 | D:1      | Reached skill level 1 in Maces & Flails
  1015 | D:2      | Reached XP level 3. HP: 21/28 MP: 3/3
  1717 | D:2      | Reached XP level 4. HP: 35/35 MP: 3/3
  2559 | D:3      | Found a deep blue altar of Sif Muna.
  2618 | D:3      | Noticed Grinder
  2650 | D:3      | Paralysed by Grinder for 4 turns
  2665 | D:3      | Killed Grinder
  2665 | D:3      | Reached skill level 5 in Maces & Flails
  2665 | D:3      | Reached XP level 5. HP: 22/40 MP: 4/4
  2666 | D:3      | Upgraded the game from 0.15-a0-1968-gb423ccb to 0.15-a0-1995-g7e6aeab
  2666 | D:3      | Reached XP level 6. HP: 25/47 MP: 5/5
  3064 | D:3      | Noticed Sigmund
  3709 | D:3      | Killed Sigmund
  4214 | D:4      | Reached XP level 7. HP: 50/52 MP: 5/5
  4491 | D:4      | Reached skill level 7 in Maces & Flails
  4914 | D:5      | Entered Level 5 of the Dungeon
  4914 | D:5      | Noticed Menkaure
  5163 | D:5      | Slain by a killer bee

Action                   |  1- 3 |  4- 6 |  7- 9 || total
-------------------------+-------+-------+-------++-------
Melee: Short sword       |    34 |       |       ||    34
       Mace              |   116 |    48 |       ||   164
       Whip              |       |    69 |       ||    69
       Morningstar       |       |    37 |    78 ||   115
 Fire: Shortbow          |    11 |    56 |    19 ||    86
Evoke: Wand              |     1 |       |     2 ||     3
  Use: Scroll            |     5 |    12 |       ||    17
       Potion            |     1 |       |     1 ||     2
  Eat: Chunk             |     2 |     7 |     2 ||    11
